 Seeded DCSS version 0.30.0-11-gf55b779eaf (webtiles) character file.

Game seed: 5 (custom seed)

8737 Kazon the Shield-Bearer (level 11, -16/53 HPs)
             Began as a Vine Stalker Fighter on May 15, 2023.
             Was an Elder of Makhleb.
             Demolished by Snorg (17 damage)
             ... on level 10 of the Dungeon on May 16, 2023.
             The game lasted 00:48:32 (8328 turns).

Kazon the Shield-Bearer (Vine Stalker Fighter)      Turns: 8328, Time: 00:48:33

Health: -16/53     AC: 13    Str: 20    XL:     11   Next: 35%
Magic:  0/17       EV: 12    Int: 10    God:    Makhleb [****..]
Gold:   504        SH: 22    Dex: 21    Spells: 10/10 levels left

rFire   . . .        e - +2 dagger (vamp)
rCold   . . .        c - +0 tower shield
rNeg    . . .        Q - +0 steam dragon scales
rPois   .            l - +0 helmet
rElec   .            X - +0 cloak
rCorr   .            J - +0 pair of gloves
SInv    .            (no boots)
Will    +....        u - amulet of reflection
Stlth   +++          P - +4 ring of protection
HPRegen 1.08/turn    A - +6 ring of dexterity
MPRegen 0.15/turn

%: reflection, guardian spirit
@: no status effects
A: fangs 3, regeneration 1, magic shield, antimagic bite, no potion heal 2
a: Renounce Religion, Minor Destruction, Lesser Servant of Makhleb, Major
Destruction


You were on level 10 of the Dungeon.
You worshipped Makhleb.
Makhleb was greatly pleased with you.
You visited 2 branches of the dungeon, and saw 11 of its levels.
You also visited: Ossuary.

You collected 704 gold pieces.
You spent 200 gold pieces at shops.

Inventory:

Hand Weapons
 a - a +4 short sword
 e - a +2 vampiric dagger (weapon)
 f - a +0 hand axe of flaming
 v - a +0 vampiric hand axe
 w - the +2 sling "Qeuhanocyt" {speed, rElec Str-3 Dex+2}
   (You found it on level 3 of the Dungeon)

   Str:       It affects your strength (-3).
   Dex:       It affects your dexterity (+2).
   rElec:     It insulates you from electricity.
Missiles
 h - 9 stones (quivered)
 m - 15 boomerangs
 s - 14 poisoned darts
 U - a throwing net
Armour
 c - a +0 tower shield (worn)
 l - a +0 helmet (worn)
 J - a +0 pair of gloves (worn)
 Q - +0 steam dragon scales (worn)
 X - a +0 cloak (worn)
Jewellery
 t - a ring of magical power
 u - an amulet of reflection (around neck)
 A - a +6 ring of dexterity (right hand)
 P - a +4 ring of protection (left hand)
Wands
 C - a wand of paralysis (6)
 R - a wand of digging (7)
 T - a wand of light (4)
 W - a wand of polymorph (3)
Scrolls
 i - a scroll of identify
 k - 3 scrolls of vulnerability {unknown}
 n - 3 scrolls of teleportation {unknown}
 o - 2 scrolls of magic mapping {unknown}
 p - 2 scrolls of summoning {unknown}
 r - 2 scrolls of blinking {unknown}
 y - a scroll of amnesia {unknown}
 z - a scroll of torment {unknown}
 G - a scroll of poison {unknown}
 H - a scroll of enchant armour {unknown}
 K - 2 scrolls of fog
 L - 2 scrolls of fear {unknown}
 O - a scroll of enchant weapon
Potions
 b - a potion of degeneration {unknown}
 d - a potion of might
 g - 2 potions of magic
 j - 6 potions of curing {unknown}
 q - a potion of resistance {unknown}
 x - 2 potions of berserk rage {unknown}
 B - 6 potions of heal wounds {unknown}
 D - 4 potions of attraction {unknown}
 E - a potion of invisibility
 F - a potion of lignification {unknown}
 I - 5 potions of flight {unknown}
 M - 3 potions of brilliance {unknown}
 N - a potion of haste {unknown}
 S - a potion of cancellation {unknown}
 V - a potion of ambrosia {unknown}


   Skills:
 + Level 4.3 Fighting
 + Level 5.0 Short Blades
 + Level 4.4 Axes
 + Level 1.4 Ranged Weapons
 + Level 3.3 Throwing
 + Level 5.4 Armour
 + Level 4.0 Dodging
 + Level 3.3 Stealth
 + Level 7.8 Shields
 * Level 6.7 Invocations
 * Level 5.5 Evocations


You had 10 spell levels left.
You didn't know any spells.
Your spell library contained the following spells:

 Spells                   Type           Power      Damage    Failure   Level
 Frozen Ramparts          Ice            0%         1d1       99%         3
 Ignite Poison            Fire/Tmut/Pois 0%         N/A       99%         3
 Ice Form                 Ice/Tmut       0%         N/A       100%        4
 Sticky Flame             Conj/Fire      0%         2d3       100%        4
 Summon Ice Beast         Ice/Summ       0%         N/A       100%        4
 Summon Forest            Summ/Tloc      0%         N/A       100%        5
 Eringya's Noxious Bog    Tmut/Pois      0%         N/A       100%        6
 Summon Hydra             Summ           0%         N/A       100%        7
 Ignition                 Fire           0%         3d3       100%        8


Dungeon Overview and Level Annotations

Branches:
Dungeon (10/15)            Temple (1/1) D:4            Lair (0/5) D:8
Ossuary (visited)
    Orc: D:9-12

Altars:
Dithmenos
Fedhas
Gozag
Hepliaklqana
Makhleb
Okawaru
Qazlal
Trog
Wu Jian
Xom
Yredelemnul
The Shining One

Shops:
D:8 *

Annotations:
D:10 Snorg


Innate Abilities, Weirdness & Mutations

You have razor-sharp teeth.
Your natural rate of healing is unusually fast.
When hurt, damage is shared between your health and your magic reserves.
Your bite disrupts and absorbs the magic of your enemies.
Potions cannot restore your health.


Message History

You block Snorg's attack. Snorg claws you but does no damage.
Snorg closely misses you.
You closely miss Snorg. You bite Snorg. You drain her power.
Snorg is heavily wounded.
A flash of anger passes briefly over Snorg's face.
Snorg goes berserk!
You hit Snorg.
Snorg is heavily wounded.
Snorg completely misses you. Snorg claws you! You block Snorg's attack.
You hit Snorg.
You feel better.
Snorg is heavily wounded.
You block Snorg's attack. Snorg claws you! Snorg claws you.
Snorg closely misses you. You block Snorg's attack. Snorg claws you!
You hit Snorg but do no damage.
Snorg is heavily wounded.
Snorg bites you but does no damage. Snorg misses you. Snorg barely misses you.
You block Snorg's attack. Snorg barely misses you. Snorg claws you!
You barely miss Snorg. You bite Snorg. You drain her power.
You feel invigorated.
Snorg is heavily wounded.
You block Snorg's attack. x3
You hit Snorg.
You feel better.
You bite Snorg. You drain her power.
You feel invigorated.
Snorg is severely wounded.
You block Snorg's attack. Snorg closely misses you. Snorg claws you!
You barely miss Snorg. You bite Snorg. You drain her power.
You feel invigorated.
Snorg is severely wounded.
Snorg bites you. Snorg claws you!
* * * LOW HITPOINT WARNING * * *
You block Snorg's attack. x2; Snorg claws you!
* * * LOW HITPOINT WARNING * * *
You block Snorg's attack.
Aiming: Paralyse
Press: ? - help, Shift-Dir - straight line, f - Snorg
Aim: Snorg (heavily wounded, berserk, chance to affect: 28%) Snorg easily resists.
You block Snorg's attack. x2; Snorg claws you!
* * * LOW HITPOINT WARNING * * *
Snorg bites you!!
You die...

#......................
.......................
......................
...................#
..................#
#...............#
#...............###
#.................#
#.@######.........#
#.T# #.#####...# #..#
#.# #...# #..# #.#
#...# ...# #.# #...#
##.## #.# #...# ## #.#
#...# #.# #...# #.#
#...#


You could see Snorg (berserk).

Vanquished Creatures
  A two-headed ogre (D:7)
  Maurice (D:9)
  2 polar bears (D:8)
  A hornet (D:9)
  2 shadows (D:9)
  Sigmund (D:4)
  2 vampires (D:9)
  A wyvern (D:8)
  A yak (D:8)
  2 basilisks (D:8)
  Duvessa (D:6)
  3 water moccasins
  An ice beast (D:8)
  An orc warrior (D:9)
  A sky beast (D:7)
  4 black bears
  3 wolves (D:8)
  5 centaurs
  2 ogres
  An elf zombie (Ossuary)
  2 kobold brigands
  A bullfrog (D:8)
  A gnoll sergeant (D:8)
  3 scorpions
  15 wights
  8 killer bees
  Dowan (D:6)
  4 howler monkeys
  A vampire bat (D:7)
  An electric eel (D:8)
  6 hounds
  A wyvern simulacrum (D:8)
  A centaur zombie (Ossuary)
  5 orc priests
  3 human zombies (Ossuary)
  A jelly (D:5)
  6 iguanas
  8 orc wizards
  4 ogre zombies (Ossuary)
  A centaur simulacrum (D:8)
  7 mummies (Ossuary)
  11 gnolls
  9 adders
  A shadow imp (D:8)
  A white imp (D:7)
  2 ufetubi
  A worm zombie (D:7)
  2 adder zombies (Ossuary)
  3 worms
  25 orcs
  12 bats
  9 endoplasms
  A giant cockroach (D:1)
  12 goblins
  7 hobgoblins
  11 jackals
  15 kobolds
  3 quokkas (D:4)
  6 ball pythons
  3 frilled lizards
  4 goblin zombies (Ossuary)
  6 hobgoblin zombies
  3 kobold zombies
  4 quokka zombies (Ossuary)
  4 rats
  4 rat zombies (Ossuary)
275 creatures vanquished.

Vanquished Creatures (collateral kills)
  A basilisk (D:8)
  A steam dragon (D:8)
  3 water moccasins (D:8)
  A black bear (D:8)
6 creatures vanquished.

Vanquished Creatures (others)
  2 orc wizards
2 creatures vanquished.

Grand Total: 283 creatures vanquished

Notes
Turn   | Place    | Note
-------+----------+-------------------------------------------
     0 | D:1      | Kazon the Vine Stalker Fighter began the quest for the Orb.
     0 | D:1      | Reached XP level 1. HP: 11/11 MP: 2/2
    65 | D:1      | Reached XP level 2. HP: 9/16 MP: 3/3
   473 | D:1      | Reached XP level 3. HP: 19/19 MP: 4/4
  1028 | D:2      | Gained mutation: Your natural rate of healing is unusually
                  | fast. [Vine Stalker growth]
  1028 | D:2      | Reached XP level 4. HP: 9/24 MP: 3/5
  1203 | D:2      | Reached skill level 3 in Shields
  1800 | D:3      | Found a blossoming altar of Fedhas.
  1814 | D:3      | Reached skill level 1 in Dodging
  1818 | D:3      | Reached XP level 5. HP: 26/28 MP: 6/6
  1941 | D:3      | Found a stormy altar of Qazlal.
  2042 | D:3      | Found a faded altar of an unknown god.
  2212 | D:3      | Identified the +2 sling "Qeuhanocyt" {speed, rElec Str-3
                  | Dex+2}
  2266 | D:4      | Found a staircase to the Ecumenical Temple.
  2274 | Temple   | Entered the Ecumenical Temple
  2305 | Temple   | Became a worshipper of Makhleb the Destroyer
  2366 | D:4      | Noticed a black bear
  2396 | D:4      | Killed a black bear
  2397 | D:4      | Reached skill level 1 in Invocations
  2415 | D:4      | Noticed Sigmund
  2431 | D:4      | Killed Sigmund
  2432 | D:4      | Reached XP level 6. HP: 32/32 MP: 8/8
  2775 | D:4      | Reached XP level 7. HP: 36/36 MP: 9/9
  2861 | D:4      | Found a hazy altar of Hepliaklqana.
  2862 | D:4      | Found a shadowy altar of Dithmenos.
  2862 | D:4      | Noticed a shadow
  2915 | D:4      | Reached skill level 4 in Shields
  3172 | D:5      | Entered Level 5 of the Dungeon
  3283 | D:5      | Reached skill level 1 in Evocations
  3392 | D:5      | Reached skill level 1 in Throwing
  3406 | D:5      | Gained mutation: You have razor-sharp teeth. [Vine Stalker
                  | growth]
  3406 | D:5      | Reached XP level 8. HP: 38/40 MP: 10/10
  3683 | D:6      | Noticed Dowan
  3687 | D:6      | Noticed Duvessa
  3707 | D:6      | Killed Duvessa
  3708 | D:6      | Killed Dowan
  3761 | D:6      | Reached * piety under Makhleb
  3886 | D:6      | Reached skill level 5 in Shields
  3912 | D:6      | Found a shimmering altar of Xom.
  4289 | D:7      | Reached XP level 9. HP: 44/44 MP: 12/12
  4565 | D:7      | Reached skill level 1 in Axes
  4575 | D:7      | Reached ** piety under Makhleb
  4765 | D:7      | Reached skill level 6 in Shields
  4843 | D:7      | Found a sand-covered staircase.
  4866 | Ossuary  | Entered an ossuary
  5100 | Ossuary  | Reached *** piety under Makhleb
  5444 | D:7      | Identified a scroll of acquirement
  5554 | D:7      | Reached XP level 10. HP: 9/41 MP: 1/14
  5685 | D:7      | Noticed a two-headed ogre
  5694 | D:7      | Killed a two-headed ogre
  5695 | D:7      | Reached skill level 5 in Invocations
  5920 | D:7      | Reached **** piety under Makhleb
  6031 | D:8      | Upgraded the game from 0.30.0-10-gfe55d96785 to
                  | 0.30.0-11-gf55b779eaf
  6040 | D:8      | Acquired an amulet of reflection
  6233 | D:8      | Found a staircase to the Lair.
  6257 | D:8      | Reached skill level 5 in Armour
  6300 | D:8      | Reached skill level 7 in Shields
  6300 | D:8      | Reached skill level 5 in Evocations
  6337 | D:8      | Found Izo Qiri's Assorted Antiques.
  6346 | D:8      | Bought a scroll labelled WAUNLI UTHRAAG for 29 gold pieces
  6346 | D:8      | Bought a scroll labelled JIYFIZX FOFUA for 29 gold pieces
  6346 | D:8      | Bought a sedimented brown potion for 26 gold pieces
  6346 | D:8      | Bought a curved iron wand for 116 gold pieces
  6667 | D:8      | Reached XP level 11. HP: 53/53 MP: 16/16
  6687 | D:8      | Reached skill level 1 in Ranged Weapons
  7524 | D:9      | Noticed Maurice
  7537 | D:9      | Killed Maurice
  7772 | D:9      | Reached skill level 5 in Short Blades
  8213 | D:10     | Entered Level 10 of the Dungeon
  8318 | D:10     | Noticed Snorg
  8328 | D:10     | HP: 1/53 [Snorg (6)]
  8328 | D:10     | Demolished by Snorg

Illustrated notes

Levels and vault maps discovered:
D:1:      ebering_trefoil_3fold, layout_basic, st_stairs_14, serial_bayou_ford_a
D:2:      layout_basic, hangedman_decor_growths, minmay_close_crescents
D:3:      layout_rooms, mainiacjoe_overflow_concentric_impassable,
          mainiacjoe_overflow_paths, shapermc_ecumenical_altar_acropolis,
          chequers_serial_rivers_micro_b
D:4:      layout_basic, riverfiend_overflow_shadow_ancestor,
          minmay_temple_entry_glass, uniq_sigmund
D:5:      layout_gridville
D:6:      layout_basic, xom_teletrap_fun, uniq_duvessa
D:7:      layout_loops_ring, enter_ossuary_3, roderic_batcave
D:8:      layout_layer_cave, minmay_lair_entry_grove, serial_shops,
          nicolae_lakefront_shop, serial_ice, serial_ice_o, serial_ice_d,
          serial_ice_k, serial_ice_a
D:9:      layout_loops_ring, nicolae_wwwww, uniq_maurice
D:10:     layout_irregular_city, led_sif_pool, uniq_snorg
Temple:   nicolae_temple_elliptical

Skill      XL: |  1  2  3  4  5  6  7  8  9 10 11 |
---------------+----------------------------------+-----
Short Blades   | 2 3 4 5 |  5.0
Fighting       | 3 4 |  4.3
Shields        | 3 4 5 6 7 |  7.8
Armour         | 3 4 5 |  5.4
Dodging        | 1 2 3 4 |  4.0
Invocations    | 1 2 3 4 6 |  6.7
Evocations     | 1 2 4 5 |  5.5
Throwing       | 1 2 3 |  3.3
Stealth        | 2 3 |  3.3
Axes           | 3 4 |  4.4
Ranged Weapons | 1 |  1.4

Action                     |  1- 3 |  4- 6 |  7- 9 | 10-12 || total
---------------------------+-------+-------+-------+-------++-------
  Melee: Rapier            |   107 |   103 |       |       ||   210
         Bite              |    25 |    49 |   222 |   135 ||   431
         Dagger            |       |    90 |   349 |   202 ||   641
         Hand axe          |       |       |   252 |    93 ||   345
         Short sword       |       |       |       |    37 ||    37
   Fire: Sling             |       |     1 |     8 |    25 ||    34
  Throw: Stone             |       |    12 |     9 |    43 ||    64
         Dart              |       |     8 |     4 |       ||    12
         Boomerang         |       |       |    58 |     8 ||    66
         Throwing net      |       |       |       |     2 ||     2
 Invoke: Lesser Servant of |       |       |       |     4 ||     4
         Minor Destruction |       |       |       |     9 ||     9
  Evoke: Wand              |       |       |       |     2 ||     2
    Use: Scroll            |       |       |     4 |     1 ||     5
   Stab: Distracted        |       |       |       |     3 ||     3
         Paralysed         |       |       |       |     2 ||     2
         Sleeping          |       |       |       |     3 ||     3
         Held in net/web   |       |       |       |     1 ||     1
 Armour: Scale mail        |    48 |    77 |   166 |    44 ||   335
         Steam dragon scal |       |       |       |    48 ||    48
  Dodge: Dodged            |    31 |    46 |   131 |    71 ||   279
  Block: Buckler           |     8 |       |       |       ||     8
         Tower shield      |    37 |   128 |   491 |   379 ||  1035
         Reflection        |       |       |       |    16 ||    16
